 Dungeon Crawl Stone Soup version 0.25-a0-665-ga69d64035b (webtiles) character file.

Game seed: 10016524914520596868, levelgen mode: deterministic

133 Arthanis the Skirmisher (level 5, -5/33 HPs)
             Began as a Gargoyle Berserker on Mar 26, 2020.
             Was a Believer of Trog.
             Slain by a chaos spawn (12 damage)
             ... on level 2 of the Abyss.
             The game lasted 00:04:15 (1674 turns).

Arthanis the Skirmisher (Gargoyle Berserker)        Turns: 1674, Time: 00:04:15

Health: -5/33      AC:  6    Str: 20    XL:     5   Next: 16%
Magic:  4/4        EV:  7    Int:  7    God:    Trog [**....]
Gold:   138        SH: 12    Dex:  9    Spells: 4/4 levels left

rFire    . . .     SeeInvis .   a - +0 hand axe
rCold    . . .     Gourm    .   h - +0 tower shield
rNeg     + . .     Faith    .   b - +0 animal skin
rPois    ∞         Spirit   .   (no helmet)
rElec    +         Reflect  .   m - +0 cloak
rCorr    .         Harm     .   (no gloves)
MR       ++...     Rnd*Tele +   (no boots)
Stlth    ..........             k - amulet of rage
HPRegen  1.11/turn              l - ring of attention (curse)
MPRegen  0.09/turn              p - +2 ring of intelligence

@: regenerating
A: [blurry vision 2], [deformed body], [dopey 2], [low mp 2], negative energy
resistance 1, [screaming 3], electricity resistance, [teleportitis 2],
unbreathing, petrification resistance, [no potion heal 2], rot immunity,
[subdued magic 2], AC +4
a: Berserk, Trog's Hand, Renounce Religion, Evoke Berserk Rage


You were on level 2 of the Abyss.
You worshipped Trog.
Trog was pleased with you.
You were not hungry.

You visited 1 branch of the dungeon, and saw 2 of its levels.
You visited the Abyss 1 time.

You collected 138 gold pieces.

Inventory:

Hand Weapons
 a - a +0 hand axe (weapon)
Armour
 b - a +0 animal skin (worn)
 h - a +0 tower shield (worn)
 m - a +0 cloak (worn)
Jewellery
 k - an amulet of rage (around neck)
 l - a cursed ring of attention (left hand)
 p - a +2 ring of intelligence (right hand)
Scrolls
 d - 2 scrolls of identify {unknown}
 e - a scroll of fear {unknown}
 i - a scroll of remove curse {unknown}
 j - 2 scrolls of blinking {unknown}
 n - a scroll of amnesia {unknown}
 o - 2 scrolls of enchant weapon {unknown}
Potions
 f - 2 potions of heal wounds {unknown}
 g - a potion of might {unknown}
 q - a potion of magic {unknown}
Comestibles
 c - a ration


   Skills:
 + Level 4.0 Fighting
 * Level 3.7 Axes
 + Level 3.1 Armour
 - Level 2.0 Dodging
 + Level 1.7 Shields


You had 4 spell levels left.
You didn't know any spells.
Your spell library contained the following spells:

 Spells                   Type           Power        Failure   Level  Hunger
 Animate Skeleton         Necr           N/A          100%        1    ##.....
 Magic Dart               Conj           #...         100%        1    ##.....
 Pain                     Necr           #...         100%        1    ##.....
 Blink                    Tloc           N/A          100%        2    ###....
 Call Imp                 Summ           #.......     100%        2    ###....
 Slow                     Hex            #.......     100%        2    ###....
 Conjure Flame            Conj/Fire      #.......     100%        3    ####...
 Mephitic Cloud           Conj/Pois/Air  #.......     100%        3    ####...
 Vampiric Draining        Necr           #.........   100%        3    ####...
 Animate Dead             Necr           N/A          100%        4    #####..
 Agony                    Necr           #.......     100%        5    ######.


Dungeon Overview and Level Annotations

Branches:
Dungeon (2/15)

Altars:
Yredelemnul

Annotations:
D:2 Crazy Yiuf


Innate Abilities, Weirdness & Mutations

You are resistant to torment.
Your stone body is resilient. (AC +4)
You are immune to poison.
You resist negative energy. (rN+)
You are resistant to electric shocks. (rElec)
You can survive without breathing.
You are immune to petrification.
You are immune to rotting.
[Scrolls take you longer to read.]
[Armour fits poorly on your strangely shaped body.]
[You are very dopey. (Int -4)]
[Your magical capacity is very low. (-20% MP)]
[You frequently scream uncontrollably at your foes.]
[You are sometimes teleported next to monsters.]
[Potions are poor at restoring your health.]
[Your spells are easier to cast, but less powerful.]


Message History

The wretched star pulses with an eldritch light!
You feel a strong urge to scream.
Your skin stops crawling.
You feel less resistant to hostile enchantments.
You eat one of the 2 rations.
That ration really hit the spot!
The chaos spawn gores you. The chaos spawn shocks you. You resist.
A chaos spawn comes into view.
The wretched star glows turbulently.
The lance of force hits you!!
Ouch! That really hurt!
You are knocked back by the lance of force.
You slam into the metal wall!
* * * LOW HITPOINT WARNING * * *
Your skin crawls.
You feel resistant to hostile enchantments.
You feel somewhat more hungry.
The wretched star glows turbulently.
You block the lance of force. The chaos spawn hits you!
You die...

. ##### #..#
#..#... #.# .#
#.....#. ##. #
....##.. .#.# #
....#####.. #
#.###.#.#
##.##...#
###..4..#
#..@#.*.#####
#..#4.......#
...##.#.#.##.#.#
##.#
##..#......# §..
#.####....## ##.
..# ##### .## #


You could see 2 chaos spawn.

Vanquished Creatures
  Natasha (twice) (D:2)
  3 adders (D:2)
  2 worms (D:2)
  2 dart slugs
  A leopard gecko (D:2)
  A ball python (D:1)
  3 bats
  4 giant cockroaches
  7 goblins
  5 hobgoblins
  4 jackals (D:1)
  5 kobolds
  A frilled lizard (D:2)
  2 rats (D:2)
  A spectral orc (D:2)
43 creatures vanquished.

Vanquished Creatures (others)
  5 toadstools (D:1)
5 creatures vanquished.

Grand Total: 48 creatures vanquished

Notes
Turn   | Place    | Note
-------+----------+-------------------------------------------
     0 | D:1      | Arthanis the Gargoyle Berserker began the quest for the
                  | Orb.
     0 | D:1      | Reached XP level 1. HP: 14/14 MP: 1/1
    40 | D:1      | Reached XP level 2. HP: 15/19 MP: 2/2
   318 | D:1      | Reached XP level 3. HP: 23/23 MP: 3/3
   556 | D:2      | Noticed a phantom
   992 | D:2      | Reached ** piety under Trog
  1021 | D:2      | Found a basalt altar of Yredelemnul.
  1098 | D:2      | Reached skill level 1 in Shields
  1098 | D:2      | Reached XP level 4. HP: 29/29 MP: 4/4
  1252 | D:2      | Noticed Natasha
  1263 | D:2      | Killed Natasha
  1290 | D:2      | Noticed Natasha
  1308 | D:2      | Killed Natasha
  1308 | D:2      | Reached skill level 4 in Fighting
  1308 | D:2      | Reached XP level 5. HP: 28/33 MP: 5/5
  1373 | D:2      | Found a runed translucent door.
  1374 | D:2      | Noticed Crazy Yiuf
  1584 | D:2      | Cast into level 1 of the Abyss (Crazy Yiuf)
  1625 | Abyss:2  | Noticed a chaos spawn
  1642 | Abyss:2  | Noticed a wretched star
  1670 | Abyss:2  | Noticed a chaos spawn
  1674 | Abyss:2  | Slain by a chaos spawn

Levels and vault maps discovered:
D:1:      ldierk_walled_garden, layout_rooms, hangedman_decor_peaks_small
D:2:      minmay_skewed_foursquare, layout_loops_ring,
          yredelemnul_forgotten_temple_becter, minmay_misc_feat_doors,
          uniq_crazy_yiuf_cottage, uniq_natasha
Abyss:2:  base: D:1, evilmike_abyss_exit_plants

Skill      XL: |  1  2  3  4 |
---------------+-------------+-----
Axes           | 3 |  3.7
Dodging        | 2 |  2.0
Shields        | 1 |  1.7
Armour         | 3 |  3.1
Fighting       | 4 |  4.0

Action                   |  1- 3 |  4- 6 || total
-------------------------+-------+-------++-------
Melee: Hand axe          |   125 |    58 ||   183
Invok: Berserk           |     2 |     2 ||     4
       Trog's Hand       |       |     3 ||     3
  Eat: Ration            |     1 |     1 ||     2
       Chunk             |       |     2 ||     2
Armor: Animal skin       |    34 |    25 ||    59
Dodge: Dodged            |    33 |    16 ||    49
Block: Tower shield      |    64 |    40 ||   104

Table legend:
 A = Non-vault XP
 B = Vault XP
 C = Vault XP percentage of total XP
 D = Non-vault monster count
 E = Vault monster count
 F = Vault count percentage of total count
                 A         B        C        D         E       F
            +---------+---------+-------+---------+---------+-------
      Total |     151 |      39 |  20.5 |      39 |       4 |   9.3
            +---------+---------+-------+---------+---------+-------
        D:1 |      36 |       0 |   0.0 |      18 |       0 |   0.0
        D:2 |     115 |      39 |  25.3 |      21 |       4 |  16.0
            +---------+---------+-------+---------+---------+-------
